 Dungeon Crawl Stone Soup version 0.21.0 (webtiles) character file.

212 HungrySpirit the Ducker (level 5, -1/30 HPs)
             Began as a Deep Elf Artificer on Jan 8, 2018.
             Killed by divine providence
             ... invoked by an orc priest
              (10 damage)
             ... on level 3 of the Dungeon.
             The game lasted 00:04:31 (2308 turns).

HungrySpirit the Ducker (Deep Elf Artificer)        Turns: 2308, Time: 00:04:31

Health: -1/30      AC:  6    Str:  9    XL:     5   Next: 58%
Magic:  9/9        EV: 13    Int: 17    God:
Gold:   106        SH:  0    Dex: 15    Spells: 4/4 levels left

rFire    . . .     SeeInvis .   a - +0 short sword
rCold    . . .     Gourm    .   (no shield)
rNeg     . . .     Faith    .   b - +0 leather armour
rPois    .         Spirit   .   (no helmet)
rElec    .         Reflect  .   (no cloak)
rCorr    .         Harm     .   (no gloves)
MR       .....                  n - +2 pair of boots
Stlth    ++........             (no amulet)
HPRegen  0.10/turn              (no ring)
MPRegen  0.11/turn              (no ring)

@: no status effects
A: no striking features
a: no special abilities


You were on level 3 of the Dungeon.
You were not hungry.

You visited 1 branch of the dungeon, and saw 3 of its levels.

You collected 106 gold pieces.

Inventory:

Hand Weapons
 a - a +0 short sword (weapon)
 o - a +0 blowgun
Missiles
 p - 5 curare-tipped needles
 s - 12 poisoned needles
Armour
 b - a +0 leather armour (worn)
 n - a +2 pair of boots (worn)
Jewellery
 h - a +6 ring of slaying {unknown}
Wands
 d - a wand of enslavement (12)
 e - a wand of random effects (6)
Scrolls
 c - a scroll of immolation {unknown}
 j - 2 scrolls of remove curse {unknown}
 l - a scroll of magic mapping {unknown}
 m - 3 scrolls of enchant armour {unknown}
 q - a scroll of enchant weapon {unknown}
 r - 2 scrolls of teleportation {unknown}
Potions
 g - a potion of lignification
 i - a potion of heal wounds
 k - a potion of curing {unknown}
Comestibles
 f - 4 rations


   Skills:
 + Level 2.2 Fighting
 * Level 4.0 Short Blades
 + Level 4.0 Dodging
 - Level 1.2 Stealth
 - Level 3.2 Evocations


You had 4 spell levels left.
You didn't know any spells.

Dungeon Overview and Level Annotations

Branches:
Dungeon (3/15)

Altars:
Dithmenos
Sif Muna


Message History

What are your orders? t - Shout!
Orders for allies: a - Attack new target. p - Attack previous target. r - Retreat! s - Stop attacking. g - Guard the area. f - Follow me.
Anything else - Cancel.
Gang up on whom?
Press: ? - help, Dir - move target cursor, f - orc priest, p - orc wizard
Aim: an orc priest Attack!
You barely miss the orc priest. The orc priest hits you.
* * * LOW HITPOINT WARNING * * *
You closely miss the orc priest.
Your orc wizard hits the orc priest but does no damage.
The orc priest closely misses you.
You barely miss the orc priest.
Your orc wizard hits the orc priest with a dagger.
The orc priest mumbles some strange prayers to Beogh against you.
Beogh smites you!
You die...

....#.# #...###.......### #.#.#.
###.... .........≈....# #.#.#. #
. ......#.≈≈..P.# #.#... ..
###......≈≈≈≈..# #..... .
...##.....#.≈≈≈≈.## ###... o.
...o..# #.(.≈.≈≈.# ###. ...
..$.#o.###.P.....###### #.
.o.8........####o.........######.


go... #...####@o............... #...))..............#....
#.....)..............#.... #.#...........[......##... #.###...##>..........##...
. ..................##### . ####.##..#.........# # .. #.# .##.........# # ... #
... # You could see an orc priest and a friendly orc wizard.

Vanquished Creatures
  The ghost of HungrySpirit the Ducker, an amateur DEAr (D:3)
  A howler monkey zombie (D:3)
  3 gnolls (D:3)
  2 adders (D:3)
  2 dart slugs
  3 leopard geckos
  3 orcs (D:3)
  3 bats
  2 giant cockroaches
  4 goblins
  A hobgoblin (D:3)
  3 jackals (D:1)
  A ball python (D:3)
  A frilled lizard (D:3)
  6 kobolds
  A quokka skeleton (D:3)
  3 rats
40 creatures vanquished.

Notes
Turn   | Place    | Note
-------+----------+-------------------------------------------
     0 | D:1      | HungrySpirit the Deep Elf Artificer began the quest for the Orb.
     0 | D:1      | Reached XP level 1. HP: 11/11 MP: 5/5
    98 | D:1      | Reached skill level 1 in Fighting
   103 | D:1      | Reached XP level 2. HP: 3/16 MP: 6/6
   682 | D:1      | Found a deep blue altar of Sif Muna.
   743 | D:2      | Found a shadowy altar of Dithmenos.
  1224 | D:3      | Reached XP level 3. HP: 11/20 MP: 7/7
  1521 | D:3      | Noticed HungrySpirit's ghost (amateur DEAr)
  1652 | D:3      | Killed HungrySpirit's ghost
  1652 | D:3      | Reached XP level 4. HP: 26/26 MP: 8/8
  1652 | D:3      | Reached XP level 5. HP: 30/30 MP: 9/9
  2308 | D:3      | Killed from afar by an orc priest

Skill      XL: |  1  2  3  4  5 |
---------------+----------------+-----
Fighting       | 1 2 |  2.2
Short Blades   | 2 3 4 |  4.0
Dodging        | 3 4 |  4.0
Stealth        | |  1.2
Evocations     | |  3.2

Action                   |  1- 3 |  4- 6 || total
-------------------------+-------+-------++-------
Melee: Short sword       |   105 |    46 ||   151
 Fire: Blowgun           |       |     4 ||     4
Evoke: Wand              |    24 |     3 ||    27
  Use: Potion            |     4 |     1 ||     5
 Stab: Sleeping          |     3 |       ||     3
  Eat: Chunk             |     1 |       ||     1
       Ration            |       |     1 ||     1
Armor: Leather armour    |    21 |     9 ||    30
       Skin              |    44 |       ||    44
Dodge: Dodged            |    61 |    19 ||    80
